 Dungeon Crawl Stone Soup version 0.28.0-43-g3370ac3207 (webtiles) character file.

Game seed: 4899714627645287242

134 issech the Cudgeller (level 4, -4/45 HPs)
             Began as a Troll Monk on Mar 27, 2022.
             Killed from afar by an orc wizard (7 damage)
             ... with a magic dart
             ... on level 3 of the Dungeon.
             The game lasted 00:04:53 (2201 turns).

issech the Cudgeller (Troll Monk)                   Turns: 2201, Time: 00:04:55

Health: -4/45      AC:  4    Str: 19    XL:     4   Next: 95%
Magic:  3/3        EV: 11    Int:  6    God:
Gold:   51         SH:  0    Dex: 14    Spells: 3/3 levels left

rFire   . . .      SeeInvis .   a - +0 mace
rCold   . . .      Faith    .   (no shield)
rNeg    . . .      Spirit   .   b - +0 robe
rPois   .          Reflect  .   (helmet restricted)
rElec   .          Harm     .   (no cloak)
rCorr   .          Rampage  .   (gloves unavailable)
Will    .....                   (boots unavailable)
Stlth   ++........              i - amulet of magic regeneration
HPRegen 0.95/turn               (no ring)
MPRegen 0.48/turn               (no ring)

@: no status effects
A: large, unfitting armour, claws 3, regeneration 1, shaggy fur 1, tough skin 1
a: no special abilities


You were on level 3 of the Dungeon.
You visited 1 branch of the dungeon, and saw 3 of its levels.

You collected 51 gold pieces.

Inventory:

Hand Weapons
 a - a +0 mace (weapon)
 o - a +0 shortbow
Missiles
 d - 54 arrows
 g - 3 boomerangs (quivered)
 j - 95 stones
 k - 31 bolts
Armour
 b - a +0 robe (worn)
Magical Staves
 p - a staff of poison
Jewellery
 i - an amulet of magic regeneration (around neck)
Scrolls
 h - a scroll of fear {unknown}
 l - a scroll of immolation {unknown}
 n - a scroll of enchant weapon {unknown}
Potions
 c - a potion of might {unknown}
 e - 2 potions of heal wounds {unknown}
 f - a potion of flight {unknown}
 m - a potion of cancellation {unknown}


   Skills:
 + Level 3.0 Fighting
 + Level 3.7 Maces & Flails
 + Level 3.3 Dodging
 + Level 1.3 Stealth


You had 3 spell levels left.
You didn't know any spells.
Your spell library contained the following spells:

 Spells                   Type           Power      Damage    Failure   Level
 Dazzling Flash           Conj/Hex       0%         N/A       83%         3
 Iskenderun's Mystic Bla  Conj/Tloc      0%         2d3       99%         4
 Starburst                Conj/Fire      0%         6d3       100%        6


Dungeon Overview and Level Annotations

Branches:
Dungeon (3/15)

Altars:
Gozag


Innate Abilities, Weirdness & Mutations

You are too large for most types of armour.
You have claws for hands.
Your natural rate of healing is unusually fast.
You are covered in fur. (AC +1)
You have tough skin. (AC +1)


Message History

The orc wizard is severely wounded.
The orc closely misses you.
The orc wizard points at you and mumbles some strange words.
The magic dart hits you.
* * * LOW HITPOINT WARNING * * *
You're too confused to move!
The orc wizard closely misses you. The orc wizard casts a spell at you.
The puff of flame hits you.
* * * LOW HITPOINT WARNING * * *
You closely miss the orc wizard.
The orc wizard is severely wounded.
The orc wizard hits you with a +0 dagger.
* * * LOW HITPOINT WARNING * * *
The orc hits you from afar with a +0 trident.
* * * LOW HITPOINT WARNING * * *
You hit the orc wizard.
The orc wizard is severely wounded.
You feel less confused.
The orc wizard hits you with a +0 dagger.
* * * LOW HITPOINT WARNING * * *
The orc closely misses you.
Unknown command.
You hit the orc wizard.
The orc wizard is severely wounded.
The orc wizard hits you but does no damage.
The orc barely misses you.
You miss the orc wizard.
The orc wizard is severely wounded.
The orc wizard hits you but does no damage.
The orc hits you from afar with a +0 trident.
* * * LOW HITPOINT WARNING * * *
Unknown command.
You completely miss the orc wizard.
The orc wizard is severely wounded.
The orc wizard misses you.
The orc hits you from afar with a +0 trident.
* * * LOW HITPOINT WARNING * * *
The orc wizard gestures at you while chanting.
The magic dart hits you!
You die...

#[......# #.# #.#..#####.#
#.......# #.# #.#........#
#.......# #.###.#..#######
######.......#####.#...#..#...#
.....'.........)..>#.#....#.#.###
#...##.......###.###.#......#...#
.............# #.# #.##########.#
##.#..###### #.# #.##.........#
...#.## #@# #.##.######### #.#
#.# #o# #.##......# #. ..# #o#
#.#######.# o o_.. #.#
#.........# #)# ########### #.#
#.# #.# ..# #.#


You could see an orc wizard and an orc.

Vanquished Creatures
  A centaur (D:3)
  A worm (D:3)
  2 dart slugs
  5 orcs (D:3)
  3 ball pythons (D:1)
  5 bats
  2 endoplasms
  3 giant cockroaches
  4 goblins
  6 hobgoblins
  2 quokkas (D:1)
  3 frilled lizards
  A kobold (D:2)
  3 rats
41 creatures vanquished.

Notes
Turn   | Place    | Note
-------+----------+-------------------------------------------
     0 | D:1      | issech the Troll Monk began the quest for the Orb.
     0 | D:1      | Reached XP level 1. HP: 22/22 MP: 0/0
   260 | D:1      | Reached XP level 2. HP: 29/29 MP: 1/1
  1049 | D:2      | Reached XP level 3. HP: 29/36 MP: 2/2
  1961 | D:3      | Noticed a centaur
  1986 | D:3      | Killed a centaur
  1987 | D:3      | Reached XP level 4. HP: 24/45 MP: 3/3
  2016 | D:3      | Found an opulent altar of Gozag.
  2201 | D:3      | Killed from afar by an orc wizard

Illustrated notes

Levels and vault maps discovered:
D:1:      enne_arrival_octagon_isle, layout_basic
D:2:      layout_loops_ring, serial_co_window_serial, co_window_corner_a,
          co_window_cross_1, co_window_of_opportunity_a,
          co_window_of_opportunity_a, co_window_paths_b,
          co_window_unsneaky_path_b, co_window_2corner, co_window_broadway_c,
          co_window_2corner, co_window_broadway_c, co_window_paths_d,
          glass_columns_c
D:3:      layout_basic, mainiacjoe_overflow_large_starburst,
          ebering_ecumenical_altar_webs, minmay_quantized

Skill      XL: |  1  2  3 |
---------------+----------+-----
Maces & Flails | 3 |  3.7
Fighting       | 3 |  3.0
Dodging        | 3 |  3.3
Stealth        | |  1.3

Action                   |  1- 3 |  4- 6 || total
-------------------------+-------+-------++-------
Melee: Mace              |   115 |    47 ||   162
       Punch             |     1 |     1 ||     2
 Stab: Sleeping          |     3 |       ||     3
Armor: Robe              |    59 |    15 ||    74
Dodge: Dodged            |    72 |    37 ||   109
